 Dungeon Crawl Stone Soup version 0.29.0 (webtiles) character file.

Game seed: 7258844215349466892

108 Dorkslayer the Trooper (level 4, 0/40 HPs)
             Began as a Hill Orc Fighter on Sept 21, 2022.
             Succumbed to a scorpion's poison
             ... on level 4 of the Dungeon.
             The game lasted 00:05:17 (3222 turns).

Dorkslayer the Trooper (Hill Orc Fighter)           Turns: 3222, Time: 00:05:18

Health: 0/40       AC:  9    Str: 20    XL:     4   Next: 87%
Magic:  4/4        EV:  7    Int:  8    God:
Gold:   163        SH:  4    Dex: 10    Spells: 3/3 levels left

rFire   . . .      SeeInvis +   a - +0 war axe
rCold   + . .      Faith    .   c - +0 buckler
rNeg    . . .      Spirit   .   o - +0 chain mail
rPois   .          Reflect  .   (no helmet)
rElec   .          Harm     .   (no cloak)
rCorr   .          Rampage  .   (no gloves)
Will    .....                   (no boots)
Stlth   ..........              (no amulet)
HPRegen 0.13/turn               j - ring of see invisible
MPRegen 0.09/turn               p - ring of protection from cold

@: lethally poisoned (0 -> -11)
A: no striking features
a: no special abilities


You were on level 4 of the Dungeon.
You visited 1 branch of the dungeon, and saw 4 of its levels.

You collected 163 gold pieces.

Inventory:

Hand Weapons
 a - a +0 war axe (weapon)
Armour
 c - a +0 buckler (worn)
 o - a +0 chain mail (worn)
Jewellery
 j - a ring of see invisible (left hand)
 p - a ring of protection from cold (right hand)
Wands
 b - a wand of paralysis (6)
Scrolls
 e - a scroll of magic mapping
 g - 4 scrolls of teleportation
 i - 2 scrolls of poison
 n - a scroll of noise {unknown}
 q - a scroll of immolation
 r - a scroll of fear {unknown}
Potions
 d - a potion of might
 f - 2 potions of brilliance
 l - a potion of curing {unknown}
 m - a potion of degeneration {unknown}


   Skills:
 + Level 4.2 Fighting
 + Level 4.2 Axes
 + Level 4.0 Armour
 * Level 0.8 Dodging
 + Level 0.4 Stealth
 + Level 3.6 Shields
 * Level 0.1 Evocations


You had 3 spell levels left.
You didn't know any spells.
Your spell library contained the following spells:

 Spells                   Type           Power      Damage    Failure   Level
 Apportation              Tloc           0%         N/A       99%         1
 Alistair's Intoxication  Tmut/Pois      0%         N/A       100%        5


Dungeon Overview and Level Annotations

Branches:
Dungeon (4/15)
 Temple: D:4-7

Altars:
Sif Muna


Message History

You closely miss the scorpion.
The scorpion stings you but does no damage.
The scorpion stings you.
You hit the scorpion but do no damage. You block the scorpion's attack.
The scorpion stings you but does no damage.
You closely miss the scorpion.
The scorpion stings you but does no damage.
You barely miss the scorpion. The scorpion stings you.
The scorpion stings you but does no damage.
You hit the scorpion.
The scorpion is lightly wounded.
The scorpion stings you. You block the scorpion's attack.
You barely miss the scorpion.
The scorpion is lightly wounded.
The scorpion stings you.
You hit the scorpion.
The scorpion is moderately wounded.
The scorpion stings you.
You are poisoned.
The scorpion poisons you!
The scorpion stings you but does no damage.
You barely miss the scorpion.
The scorpion is moderately wounded.
You feel very sick. The scorpion stings you.
You are lethally poisoned!
The scorpion poisons you!
You barely miss the scorpion.
The scorpion is moderately wounded.
* * * LOW HITPOINT WARNING * * *
You feel very sick. The scorpion barely misses you. x2
You hit the scorpion.
The scorpion is moderately wounded.
* * * LOW HITPOINT WARNING * * *
You feel very sick. The scorpion completely misses you.
You hit the scorpion.
The scorpion is severely wounded.
You die...

*,*,,,,,*#........###*...,*
*,*,,,,,*#........#.##.##,*
*,,,,,,,*#........+.#...#,*
****,****#........#.....#,*
*,,,,,,............#.#.#
*,******,#..##..#......#
*,,,,.,*,#......<....#*****
*,,,,#...#..)...#.####,,,,*
****,#..>...@.....# *,**,*
******
*,#...?.s.######***,**,*
,,,,,*
*,+........,,,,,,,,,*,,*
,,,,,*
*,#.......##*********,**
,,,,,***,#.......# ****,*
,,,,,+,,,#.......# *,,,,*
,,,,,***,..##....#*******,****
,,,,,* *,#.*#.....,,,,,**,*
,,,,,* *,*,,,,,,,,,,,,,,,,*


You could see a scorpion.

Vanquished Creatures
  A gnoll (D:1)
  4 adders (D:2)
  A worm (D:2)
  4 dart slugs
  3 endoplasms (D:1)
  3 giant cockroaches
  3 goblins
  6 hobgoblins
  3 quokkas
  6 ball pythons
  5 bats
  3 frilled lizards
  5 kobolds
  5 rats
52 creatures vanquished.

Notes
Turn   | Place    | Note
-------+----------+-------------------------------------------
     0 | D:1      | Dorkslayer the Hill Orc Fighter began the quest for the
                  | Orb.
     0 | D:1      | Reached XP level 1. HP: 19/19 MP: 1/1
   447 | D:1      | Reached XP level 2. HP: 27/27 MP: 2/2
   528 | D:1      | Found a faded altar of an unknown god.
   997 | D:1      | Reached XP level 3. HP: 33/33 MP: 3/3
  1608 | D:2      | Reached XP level 4. HP: 29/40 MP: 4/4
  2443 | D:2      | Found a shimmering blue altar of Sif Muna.
  3205 | D:4      | Noticed a scorpion
  3222 | D:4      | Succumbed to a scorpion's poison

Illustrated notes

Levels and vault maps discovered:
D:1:      minmay_arrival_wavy_path, layout_basic,
          hellmonk_ecumenical_altar_pennies_from_heaven
D:2:      layout_basic, basic_altar
D:3:      layout_loops_ring
D:4:      layout_basic, nemelex_spade_bored_becter, portal_sewer_entry_a

Skill      XL: |  1  2  3  4 |
---------------+-------------+-----
Axes           | 3 4 |  4.2
Fighting       | 4 |  4.2
Armour         | 4 |  4.0
Dodging        | |  0.8
Stealth        | |  0.4
Shields        | |  3.6
Evocations     | |  0.1

Action                   |  1- 3 |  4- 6 || total
-------------------------+-------+-------++-------
Melee: War axe           |    97 |    92 ||   189
  Use: Scroll            |       |     8 ||     8
Armor: Scale mail        |    49 |       ||    49
       Chain mail        |       |    52 ||    52
Dodge: Dodged            |    46 |    41 ||    87
Block: Buckler           |    19 |    21 ||    40
